 Seeded DCSS version 0.25-a0-366-g516bc45 (webtiles) character file.

Game seed: 4196724141000495191, levelgen mode: deterministic

193 araganzar the Cutter (level 5, 0/39 HPs)
             Began as a Mummy Gladiator on Jan 5, 2020.
             Slain by a quasit (1 damage)
             ... on level 2 of the Dungeon.
             The game lasted 00:09:01 (3571 turns).

araganzar the Cutter (Mummy Gladiator)              Turns: 3571, Time: 00:09:02

Health: 0/39       AC:  5    Str: 18    XL:     5   Next: 43%
Magic:  5/5        EV:  2    Int:  8    God:
Gold:   68         SH:  0    Dex: -8 (13) Spells: 4/4 levels left

rFire    x . .     SeeInvis .   a - +0 rapier
rCold    + . .     Gourm    .   (no shield)
rNeg     + + +     Faith    .   b - +0 leather armour
rPois    ∞         Spirit   .   c - +0 helmet
rElec    .         Reflect  .   (no cloak)
rCorr    .         Harm     .   (no gloves)
MR       .....                  g - +0 pair of boots
Stlth    ..........             (no amulet)
HPRegen  0.13/turn              (no ring)
MPRegen  0.09/turn              (no ring)

@: slowed, lost dexterity, very slow
A: no food or potions, fire vulnerability, cold resistance 1, negative energy
resistance 3, torment resistance, unbreathing
a: no special abilities


You were on level 2 of the Dungeon.
You were not hungry.

You visited 1 branch of the dungeon, and saw 3 of its levels.

You collected 68 gold pieces.


Innate Abilities, Weirdness & Mutations

You do not eat or drink.
Your flesh is vulnerable to fire.
You are immune to poison.
Your flesh is cold resistant. (rC+)
You are immune to negative energy. (rN+++)
You are immune to unholy pain and torment.
You can survive without breathing.


   Skills:
 + Level 2.4 Fighting
 - Level 4.0 Short Blades
 - Level 1.5 Throwing
 - Level 2.6 Armour
 - Level 2.4 Dodging


You had 4 spell levels left.
You didn't know any spells.
Your spell library was empty.

Inventory:

Hand Weapons
 a - a +0 rapier (weapon)
Missiles
 e - a poisoned dart
Armour
 b - a +0 leather armour (worn)
 c - a +0 helmet (worn)
 g - a +0 pair of boots (worn)
   (You found it on level 1 of the Dungeon)
Jewellery
 j - an uncursed ring of ice {rC+, rF-}
   (You found it on level 2 of the Dungeon)

#............# #.####.#
#########...#####.5..# #.##...#
#(...5.(.#(#######.#.###.##.###
#.######.#....(.##.#.<.<....# #
#.# ##..(..(.((##.#####.##.# #
#.# #.......(.(..... ...##.# #
#†# ##...#........# ######(# #
#g# ##.÷#.....#### #.# # #5#
##.###5@## #)# # #.# #.# #..#
#.### #.# #.# #†.# #.##. #.#
#.# #..# #.... #.# #.# #..#
##########.##. #.# #####.#
#..###.............
#.###.....###...)..########(###
#.#....#........#.####.........
#...#.###......#...).>......###


You could see a quasit.


Message History

The quasit claws you.
* * * LOW HITPOINT WARNING * * *
The quasit bites you.
* * * LOW HITPOINT WARNING * * *
The quasit claws you but does no damage.
The quasit claws you.
* * * LOW HITPOINT WARNING * * *
You feel clumsy.
You take 2 damage, and have 6/39 hp.
Unknown command.
You barely miss the quasit.
The quasit bites you but does no damage.
The quasit claws you but does no damage. x2
The quasit bites you but does no damage.
The quasit barely misses you.
The quasit claws you but does no damage.
Unknown command.
You barely miss the quasit. The quasit bites you.
* * * LOW HITPOINT WARNING * * *
The quasit claws you but does no damage. x2
The quasit barely misses you.
The quasit claws you but does no damage. x2
Unknown command.
You take 2 damage, and have 4/39 hp.
You barely miss the quasit. The quasit bites you.
* * * LOW HITPOINT WARNING * * *
The quasit claws you but does no damage. x2
The quasit bites you but does no damage.
The quasit claws you.
You die...

Action                   |  1- 3 |  4- 6 || total
-------------------------+-------+-------++-------
Melee: Rapier            |   170 |   155 ||   325
Throw: Dart              |    21 |    45 ||    66
       Throwing net      |       |     6 ||     6
  Use: Scroll            |       |     5 ||     5
 Stab: Sleeping          |     1 |       ||     1
Armor: Leather armour    |    76 |   193 ||   269
Dodge: Dodged            |   126 |   165 ||   291

Levels and vault maps discovered:
D:1:      dpeg_arrival_brainrot, layout_basic, nrook_loot_triangle,
          serial_bayou_pond_b
D:2:      layout_loops_ring, first_ration
D:3:      layout_rooms, dancing_weapons_uskayaw,
          chequers_ecumenical_altar_simple_redux

Notes
Turn   | Place    | Note
-------+----------+-------------------------------------------
     0 | D:1      | araganzar the Mummy Gladiator began the quest for the Orb.
     0 | D:1      | Reached XP level 1. HP: 16/16 MP: 1/1
   198 | D:1      | Reached XP level 2. HP: 22/22 MP: 2/2
   217 | D:1      | Reached skill level 1 in Armour
   474 | D:1      | Reached skill level 3 in Short Blades
   482 | D:1      | Reached XP level 3. HP: 27/27 MP: 3/3
  1498 | D:2      | Reached skill level 2 in Armour
  1597 | D:1      | Reached XP level 4. HP: 11/33 MP: 4/4
  2667 | D:2      | Reached XP level 5. HP: 31/38 MP: 5/5
  3309 | D:3      | Found a hide-covered altar of Uskayaw.
  3309 | D:3      | Noticed a +0 dagger
  3309 | D:3      | Noticed a +0 dagger
  3527 | D:2      | Reached skill level 4 in Short Blades
  3553 | D:2      | Lost dexterity.
  3571 | D:2      | HP: 1/39 [quasit (3)]
  3571 | D:2      | Slain by a quasit

Vanquished Creatures
  7 gnolls
  3 adders (D:2)
  An ooze (D:2)
  2 worms
  A dart slug (D:2)
  4 leopard geckos
  A ball python (D:1)
  9 bats
  4 giant cockroaches (D:1)
  6 hobgoblins
  12 jackals
  A quokka (D:2)
  4 frilled lizards (D:1)
  9 goblins
  9 kobolds
  7 rats
80 creatures vanquished.
